 Dungeon Sprint DCSS version 0.21.1-1-g345015f (webtiles) character file.

9000000 sanboga the Conqueror (level 27, -2/273 HPs)
             Began as a White Draconian Monk on Mar 6, 2018.
             Was the Champion of Makhleb.
             Slain by a meat beast (12 damage)
             ... in the Dungeon (Sprint VIII: "Arena of Blood").
             The game lasted 00:02:17 (90 turns).

sanboga the Conqueror (White Draconian Monk)          Turns: 90, Time: 00:02:18

Health: -2/273     AC: 13    Str: 22    XL:     27
Magic:  32/54      EV: 33    Int: 13    God:    Makhleb [******]
Gold:   0          SH:  0    Dex: 16    Spells: 80/80 levels left

rFire    . . .     SeeInvis .   i - +∞ Axe of Woe
rCold    + . .     Gourm    .   (shield currently unavailable)
rNeg     . . .     Faith    .   (armour unavailable)
rPois    .         Spirit   .   (helmet restricted)
rElec    .         Reflect  .   (no cloak)
rCorr    .         Harm     .   (no gloves)
MR       ++...     NoTele   +   (no boots)
Stlth    +++++++++.             (no amulet)
HPRegen  0.55/turn              (no ring)
MPRegen  0.34/turn              (no ring)

@: no status effects
A: breathe frost, unfitting armour, cold resistance 1, cold-blooded, AC +13
a: Breathe Frost, Minor Destruction, Lesser Servant of Makhleb, Major
Destruction, Greater Servant of Makhleb, Renounce Religion


You were in the Dungeon.
You worshipped Makhleb.
Makhleb was exalted by your worship.
You were not hungry.

You visited 1 branch

Inventory:

Hand Weapons
 i - the +∞ Axe of Woe (weapon)
   (You found it in the Dungeon)
Jewellery
 a - a +200 ring of slaying
Scrolls
 h - a scroll of blinking
Potions
 c - a potion of curing
 e - a potion of haste
 f - 2 potions of magic
 g - a potion of berserk rage
Comestibles
 b - a ration


   Skills:
 O Level 27 Fighting
 O Level 27 Axes
 O Level 27 Throwing
 O Level 27 Dodging
 O Level 27 Stealth
 O Level 27 Unarmed Combat
 O Level 27 Spellcasting
 O Level 27 Invocations


You had 80 spell levels left.
You didn't know any spells.

Dungeon Overview and Level Annotations

Branches:
Dungeon (1/1)

Altars:
Makhleb


Innate Abilities, Weirdness & Mutations

You can breathe waves of freezing cold.
You can buffet flying creatures when you breathe cold.
Your icy white scales are hard. (AC +13)
You cannot fit into any form of body armour.
Your flesh is cold resistant. (rC+)
You are cold-blooded and may be slowed by cold attacks.


Message History

The bag of meat convulses! x2
The eight-headed meat hydra calls on the powers of darkness!
The eight-headed meat hydra convulses!
The large bag of meat convulses!
The bag of meat convulses!
The meat berserker convulses!
The bag of meat convulses! x2; Your body is wracked with pain!
* * * LOW HITPOINT WARNING * * *
The bag of meat convulses!
The meat berserker convulses!
You hear a shout! x2
The dread calls on the powers of darkness!
The bag of meat convulses!
The large bag of meat convulses!
The meat berserker convulses!
The eight-headed meat hydra convulses!
The bag of meat convulses! x3; Your body is wracked with pain!
* * * LOW HITPOINT WARNING * * *
You hear a shout!
An orc and 2 ogres come into view.
a - a +200 ring of slaying You hear a shout! x2
The meat beast is engulfed in blazing flames.
The meat beast bites you!
You die...

...............
....o.....#.#......
.....O............#
#.....W....%.....o.
.#...............Lo
......%.OD.....O..
......)o)........
#)))o§§2# #.))o§@§#
.
...###.)..§)o###....
........###)))......
#....%..._...o.D....
......#..)..#.......
......#_.<._#.D.....
....o.#....O#......#
#..O....._%.........
........###.........


You could see a meat beast, a tyrant, 3 eight-headed meat hydras, a large bag of
meat (inner flame), a dread, 3 meat berserkers and 8 bags of meat.

Vanquished Creatures
  3 hell beasts (D)
  A greater mummy (D)
  A wraith (D)
  7 vampire knights (D)
  30 ogres (D)
  5 two-headed ogres (D)
  2 liches (D)
  3 hydras (D)
  55 orcs (D)
  2 skeletal warriors (D)
  6 large abominations (D)
  7 small abominations (D)
  2 crawling corpses (D)
124 creatures vanquished.

Vanquished Creatures (others)
  An orc (D)
  A crawling corpse (D)
2 creatures vanquished.

Grand Total: 126 creatures vanquished

Notes
Turn   | Place    | Note
-------+----------+-------------------------------------------
     0 | D        | Found the +∞ Axe of Woe
     0 | D        | sanboga the Draconian Monk began the quest for the Orb.
     0 | D        | Reached XP level 1. HP: 19/19 MP: 1/1
     3 | D        | Noticed a bag of meat
     3 | D        | Noticed a meat berserker
     4 | D        | Became a worshipper of Makhleb the Destroyer
     4 | D        | Reached * piety under Makhleb
     4 | D        | Reached ** piety under Makhleb
     5 | D        | Noticed a bag of meat
     5 | D        | Noticed a bag of meat
     5 | D        | Noticed a bag of meat
     6 | D        | Killed a meat berserker
     6 | D        | Reached skill level 15 in Dodging
     6 | D        | Reached XP level 2. HP: 52/52 MP: 2/2
     6 | D        | Reached XP level 3. HP: 59/59 MP: 3/3
     6 | D        | Reached XP level 4. HP: 68/68 MP: 4/4
     6 | D        | Reached XP level 5. HP: 74/74 MP: 5/5
     6 | D        | Reached XP level 6. HP: 82/82 MP: 6/6
     6 | D        | Your scales start taking on an icy white colour.
     6 | D        | Reached XP level 7. HP: 90/90 MP: 7/7
     6 | D        | Gained mutation: Your flesh is cold resistant. (rC+) [White Draconian growth]
     6 | D        | Reached XP level 8. HP: 97/97 MP: 8/8
     6 | D        | Reached XP level 9. HP: 104/104 MP: 9/9
     6 | D        | Reached XP level 10. HP: 113/113 MP: 10/10
     6 | D        | Reached XP level 11. HP: 119/119 MP: 11/11
     6 | D        | Reached XP level 12. HP: 127/127 MP: 12/12
     6 | D        | Reached XP level 13. HP: 134/134 MP: 13/13
     8 | D        | Noticed a bag of meat
     8 | D        | Noticed a meat berserker
     9 | D        | Noticed a bag of meat
    10 | D        | Noticed a bag of meat
    11 | D        | Noticed a large bag of meat
    11 | D        | Noticed a bag of meat
    11 | D        | Noticed a bag of meat
    12 | D        | Noticed a bag of meat
    12 | D        | Noticed a meat berserker
    12 | D        | Killed a bag of meat
    12 | D        | Reached skill level 5 in Throwing
    12 | D        | Reached skill level 5 in Unarmed Combat
    12 | D        | Reached skill level 5 in Spellcasting
    13 | D        | Noticed a bag of meat
    13 | D        | Killed a meat berserker
    13 | D        | Reached *** piety under Makhleb
    13 | D        | Reached skill level 10 in Invocations
    13 | D        | Reached XP level 14. HP: 148/148 MP: 13/27
    14 | D        | Noticed a meat berserker
    14 | D        | Noticed a bag of meat
    14 | D        | Noticed a meat berserker
    14 | D        | Noticed a bag of meat
    14 | D        | Killed a bag of meat
    14 | D        | Reached skill level 10 in Throwing
    14 | D        | Reached skill level 10 in Spellcasting
    14 | D        | Reached XP level 15. HP: 157/157 MP: 13/29
    15 | D        | Noticed a meat berserker
    15 | D        | Killed a meat berserker
    16 | D        | Killed a large bag of meat
    16 | D        | Reached skill level 15 in Invocations
    16 | D        | Reached XP level 16. HP: 170/170 MP: 13/33
    16 | D        | Reached **** piety under Makhleb
    16 | D        | Reached skill level 15 in Unarmed Combat
    16 | D        | Reached XP level 17. HP: 180/180 MP: 13/35
    17 | D        | Reached skill level 15 in Throwing
    17 | D        | Reached skill level 15 in Spellcasting
    17 | D        | Reached ***** piety under Makhleb
    19 | D        | Killed a meat berserker
    19 | D        | Reached XP level 18. HP: 132/194 MP: 14/39
    19 | D        | Killed a meat berserker
    19 | D        | Killed a meat berserker
    19 | D        | Reached XP level 19. HP: 206/206 MP: 14/42
    19 | D        | Reached skill level 27 in Fighting
    20 | D        | Reached ****** piety under Makhleb
    20 | D        | Reached XP level 20. HP: 216/216 MP: 14/45
    21 | D        | Noticed a meat berserker
    22 | D        | Reached skill level 27 in Axes
    22 | D        | Reached skill level 27 in Stealth
    23 | D        | Noticed a meat berserker
    24 | D        | Noticed a large bag of meat
    25 | D        | Noticed a meat berserker
    25 | D        | Noticed a meat berserker
    26 | D        | Noticed a large bag of meat
    26 | D        | Killed a meat berserker
    26 | D        | Reached skill level 27 in Invocations
    28 | D        | Killed a meat berserker
    28 | D        | Reached skill level 27 in Dodging
    28 | D        | Reached skill level 27 in Unarmed Combat
    28 | D        | Reached XP level 21. HP: 224/224 MP: 16/50
    29 | D        | Reached skill level 27 in Throwing
    29 | D        | Reached skill level 27 in Spellcasting
    29 | D        | Reached XP level 22. HP: 233/233 MP: 17/53
    33 | D        | Noticed a destroyer
    34 | D        | Reached XP level 23. HP: 240/240 MP: 18/54
    37 | D        | Killed a destroyer
    37 | D        | Reached XP level 24. HP: 249/249 MP: 19/54
    39 | D        | Noticed a destroyer
    39 | D        | Killed a large bag of meat
    39 | D        | Reached XP level 25. HP: 257/257 MP: 19/54
    40 | D        | Noticed a large bag of meat
    41 | D        | Noticed a large bag of meat
    43 | D        | Killed a destroyer
    49 | D        | Killed a large bag of meat
    49 | D        | Reached XP level 26. HP: 266/266 MP: 22/54
    51 | D        | Noticed a destroyer
    52 | D        | Noticed a destroyer
    54 | D        | Killed a destroyer
    55 | D        | Reached XP level 27. HP: 273/273 MP: 23/54
    56 | D        | Noticed a tyrant
    56 | D        | Killed a destroyer
    56 | D        | Noticed a destroyer
    59 | D        | Noticed a destroyer
    59 | D        | Killed a large bag of meat
    59 | D        | Noticed a tyrant
    60 | D        | Noticed a meat beast
    61 | D        | Noticed an accursed
    64 | D        | Killed a meat beast
    66 | D        | Killed a destroyer
    67 | D        | Killed a destroyer
    68 | D        | Killed a tyrant
    69 | D        | Noticed a dread
    72 | D        | Noticed a large bag of meat
    72 | D        | Noticed a meat beast
    72 | D        | Killed a dread
    74 | D        | Killed a tyrant
    76 | D        | Killed a meat beast
    77 | D        | Noticed a destroyer
    77 | D        | Noticed a meat beast
    80 | D        | Killed a meat beast
    80 | D        | Killed a large bag of meat
    83 | D        | Killed an accursed
    85 | D        | Killed a destroyer
    86 | D        | Noticed a dread
    87 | D        | Noticed a meat beast
    87 | D        | HP: 9/273 [??? (7)]
    89 | D        | Noticed a tyrant
    90 | D        | Slain by a meat beast

Skill      XL: |  1  2  3  4  5  6  7  8  9 10 11 12 13 14 15 16 17 18 19 20 21 |
---------------+----------------------------------------------------------------+-----
Fighting       | 18 20 22 23 25 26 27 | 27.0
Axes           | 16 18 19 21 23 25 26 27 | 27.0
Dodging        | 15 17 18 19 20 22 23 25 27 | 27.0
Stealth        | 16 18 19 21 23 25 26 27 | 27.0
Throwing       | 9 10 13 14 17 19 21 25 27 | 27.0
Unarmed Combat | 9 11 14 16 18 20 22 27 | 27.0
Spellcasting   | 9 10 13 14 17 19 21 25 27 | 27.0
Invocations    | 10 11 15 17 20 22 24 27 | 27.0

Action                   |  1- 3 |  4- 6 |  7- 9 | 10-12 | 13-15 | 16-18 | 19-21 | 22-24 | 25-27 || total
-------------------------+-------+-------+-------+-------+-------+-------+-------+-------+-------++-------
Melee: Executioner's axe |     1 |       |       |       |     5 |     2 |     5 |     9 |    42 ||    64
  Use: Potion            |       |       |       |       |       |       |       |       |     1 ||     1
Armor: Skin              |       |       |       |       |       |       |     1 |       |     1 ||     2
Dodge: Dodged            |       |       |       |       |     1 |       |     2 |       |       ||     3
